 Dungeon Crawl Stone Soup version 0.20.1-1-g8b1a95d (webtiles) character file.

14 Folque the Magician (level 2, 16/17 HPs)
             Began as an Octopode Wizard on Nov 18, 2017.
             Got out of the dungeon alive.
             The game lasted 00:01:23 (259 turns).

Folque the Magician (Octopode Wizard)                Turns: 259, Time: 00:01:23

Health: 16/17      AC:  1    Str:  6    XL:     2   Next: 41%
Magic:  6/6        EV: 13    Int: 20    God:
Gold:   0          SH:  0    Dex: 10    Spells: 6/7 levels left

rFire    . . .     SeeInvis .   (no weapon)
rCold    . . .     Gourm    .   (no shield)
rNeg     . . .     Faith    .   a - +0 hat
rPois    .         Spirit   .   (no amulet)
rElec    .         Reflect  .   (no ring)
rCorr    .         Harm     .   (no ring)
MR       .....                  (no ring)
Stlth    +++.......             (no ring)
Regen    0.1/turn               (no ring)
MPRegen  0.1/turn               (no ring)
                                (no ring)
                                (no ring)

@: no status effects
A: almost no armour, stealthy swim, amphibious, 8 rings, constrict 8, camouflage
1, gelatinous body 1
a: no special abilities


You escaped.
You were not hungry.

You visited 1 branch of the dungeon, and saw 1 of its levels.

Inventory:

Armour
 a - a +0 hat (worn)
Jewellery
 d - an uncursed amulet of rage {unknown}
Books
 b - a book of Minor Magic

   Spells                             Type                      Level
   a - Magic Dart                     Conjuration                  1
   b - Blink                          Translocation                2
   c - Call Imp                       Summoning                    2
   d - Slow                           Hexes                        2
   e - Conjure Flame                  Conjuration/Fire             3
   f - Mephitic Cloud                 Conjuration/Poison/Air       3
Comestibles
 c - a bread ration
 f - 4 chunks of flesh
 g - a meat ration


   Skills:
 * Level 0.0 Fighting
 - Level 2.1 Dodging
 - Level 3.2 Stealth
 - Level 0.2 Unarmed Combat
 + Level 3.2 Spellcasting
 - Level 1.0 Conjurations
   Level 1.0 Summonings
   Level 1.0 Translocations


You had 6 spell levels left.
You knew the following spells:

 Your Spells              Type           Power        Failure   Level  Hunger
a - Magic Dart            Conj           #...         9%          1    None


Dungeon Overview and Level Annotations

Branches:
Dungeon (1/15)

Altars:


Innate Abilities, Weirdness & Mutations

You cannot wear most types of armour.
You are very stealthy in the water. (Stealth+)
You are amphibious.
You can wear up to eight rings at the same time.
You can use your tentacles to constrict eight enemies at once.
Your skin changes colour to match your surroundings (Stealth+).
Your rubbery body absorbs attacks. (AC +1, EV +1)


Message History

The ball python hisses angrily.
Found a hunting sling.
You see here a meat ration.
g - a meat ration The ball python bites you.
The ball python closely misses you.
You barely miss the ball python. Your grab misses the ball python.
The ball python barely misses you. x2
You closely miss the ball python. You grab the ball python.
You squeeze the ball python.
You kill the ball python!
A hobgoblin comes into view.
There is a staircase leading out of the dungeon here.
Are you sure you want to leave the Dungeon?
This will make you lose the game! [Y]es or [N]o only, please.
Are you sure you want to leave the Dungeon?
This will make you lose the game! [Y]es or [N]o only, please.
Are you sure you want to leave the Dungeon?
This will make you lose the game! [Y]es or [N]o only, please.
Are you sure you want to leave the Dungeon?
This will make you lose the game!
You have escaped!

....#
#...##...##...#
....# #..##
#..##..## ....#
#..####..##..##
....#
#...##...##...##..
....#
#..................
....#
##...)....รท.......#
#'###
######..##..######
...#
######..##..####
...#
##.......@.......
...#
#................
...#
#...##...##...##..
...# #.. ##..# ..##
. #+## #. #..# ..#
..# # ...# .. ..#
....# .. ..# ....##
... ..# #####


There were no monsters in sight!

Vanquished Creatures
  An ooze (D:1)
  A leopard gecko (D:1)
  2 bats (D:1)
  A goblin (D:1)
  A ball python (D:1)
  A frilled lizard (D:1)
  2 rats (D:1)
9 creatures vanquished.

Notes
Turn   | Place    | Note
-------+----------+-------------------------------------------
     0 | D:1      | Folque the Octopode Wizard began the quest for the Orb.
     0 | D:1      | Reached XP level 1. HP: 11/11 MP: 4/4
    46 | D:1      | Reached XP level 2. HP: 11/17 MP: 4/6
   259 | D:$      | Got out of the dungeon alive.

Skill      XL: |  1 |
---------------+----+-----
Stealth        | 3 |  3.2
Dodging        | |  2.1
Unarmed Combat | |  0.2
Spellcasting   | |  3.2
Conjurations   | |  1.0
Summonings     | |  1.0
Translocations | |  1.0

Action                   || total
-------------------------++-------
Melee: Unarmed           ||    25
       Tentacles         ||     5
       Constrict         ||     8
 Cast: Magic Dart        ||     2
 Stab: Sleeping          ||     2
Armor: Skin              ||     4
Dodge: Dodged            ||    19
